Map: Data-C

Players

dennisq

  • Race: Terran Terran
  • League: Gold
  • Spawn Location: 3:00

MattBarry - Winner!

  • Race: Zerg Zerg
  • League: Gold
  • Spawn Location: 9:00

VOD

Have the link to the VOD?

Description

Time

  • Played on: Jan. 21, 2023, 2:16 a.m.
  • Length: 4:09
Show
View Real Time Build Order
Export as new Build Order

dennisq Terran 

Build Orders:  

Get SALT Encoding   

  12  0:00  SCV  
  13  0:12  SCV  
  14  0:20  Supply Depot  
  14  0:30  Supply Depot  
  14  0:31  SCV  
  15  0:45  Supply Depot  
  15  0:48  SCV  
  16  0:57  Engineering Bay  
  16  1:06  Supply Depot  
  16  1:16  Barracks  
  16  1:19  SCV  
  17  1:31  Refinery  
  17  1:32  SCV  
  18  1:46  Missile Turret  
  18  1:48  SCV  
  18  1:52  Refinery  
  19  1:59  Missile Turret  
  19  2:00  SCV  
  20  2:04  Marine  
  21  2:24  Marine  
  22  2:42  Marine  
  18  2:53  Supply Depot  
  17  3:00  Marine  
  18  3:13  Supply Depot  
  18  3:18  Marine  
Show
View Real Time Build Order
Export as new Build Order

MattBarry Zerg - Winner!

Build Orders: Pool First 

Get SALT Encoding   

  12  0:00  Drone  
  13  0:10  Drone  
  14  0:22  Extractor  
  14  0:23  Drone  
  14  0:36  Spawning Pool  
  14  0:37  Drone  
  14  0:45  Overlord  
  14  0:54  Extractor  
  14  0:55  Drone  
  15  1:05  Drone  
  16  1:23  Zergling x6  
  16  1:24  Metabolic Boost  
  19  1:31  Queen  
  21  1:41  Zergling x2  
  22  1:48  Overlord  
  22  2:04  Hatchery  
  21  2:11  Drone x2  
  23  2:35  Zergling x4  
  24  2:46  Zergling x2  
  24  2:47  Zergling x4  
  27  3:00  Zergling x2  
  27  3:09  Zergling x2  
  27  3:34  Zergling x6  
  29  3:44  Zergling x2  
  29  3:45  Baneling Nest  
Tags
 
League
GoldGold
Matchup
TvZ
Opening
Pool First
Replay Pack
Multiplayer
Spawn Locations
Cross Positions
Add a new tag
Caveats
  • Supply blocks, unpowered buildings, or Contaminate may cause inaccurate times.
  • Supply counts are checked every 10 seconds.